 Dungeon Crawl Stone Soup version 0.23-a0-180-ga5275e7ff7 (webtiles) character file.

15467 Banto the Spear-Bearer (level 12, -1/78 HPs)
             Began as a Demonspawn Gladiator on Sept 17, 2018.
             Was a High Priest of Okawaru.
             Slain by an eight-headed hydra (9 damage)
             ... on level 2 of the Lair of Beasts on Sept 18, 2018.
             The game lasted 00:22:04 (11679 turns).

Banto the Spear-Bearer (Demonspawn Gladiator)      Turns: 11679, Time: 00:22:05

Health: -1/78      AC: 15    Str: 17    XL:     12   Next: 1%
Magic:  12/12      EV: 18    Int: 10    God:    Okawaru [*****.]
Gold:   705        SH:  0    Dex: 17    Spells: 11/11 levels left

rFire    . . .     SeeInvis .   J - +1 trident (freeze)
rCold    + . .     Gourm    .   (no shield)
rNeg     . . .     Faith    .   H - +5 leather armour of the Garden {+Inv}
rPois    .         Spirit   .   I - +2 helmet
rElec    .         Reflect  .   s - +0 cloak
rCorr    .         Harm     .   C - +0 pair of gloves
MR       +....                  (no boots)
Stlth    +.........             r - amulet of magic regeneration
HPRegen  0.23/turn              c - ring of protection from magic
MPRegen  0.38/turn              x - ring of protection from cold

@: no status effects
A: talons 2, demonic guardian 1, spiny 3, sturdy frame 1
a: Heroism, Finesse, Renounce Religion, Evoke Invisibility


You were on level 2 of the Lair of Beasts.
You worshipped Okawaru.
Okawaru was extremely pleased with you.
You were not hungry.

You visited 3 branches of the dungeon, and saw 14 of its levels.
You also visited: Ossuary.

You collected 705 gold pieces.

Inventory:

Hand Weapons
 a - a +0 trident of flaming
 J - a +1 trident of freezing (weapon)
Missiles
 d - 2 throwing nets (quivered)
Armour
 s - a +0 cloak (worn)
 C - a +0 pair of gloves (worn)
 E - a +2 leather armour of fire resistance
 H - the +5 leather armour of the Garden (worn) {+Inv}
   (You found it on level 10 of the Dungeon)

   It lets you turn invisible.
 I - a +2 helmet (worn)
Jewellery
 c - a ring of protection from magic (left hand)
 r - an amulet of magic regeneration (around neck)
 x - a ring of protection from cold (right hand)
Wands
 g - a wand of iceblast (10)
 z - a wand of clouds (9)
Scrolls
 h - 11 scrolls of remove curse
 i - 10 scrolls of teleportation
 n - 2 scrolls of blinking
 o - a scroll of fear
 q - 3 scrolls of magic mapping
 t - a scroll of enchant armour
 v - a scroll of amnesia
 y - 6 scrolls of identify
 A - 5 scrolls of immolation
Potions
 b - a potion of berserk rage
 e - a potion of might
 j - 3 potions of invisibility
 k - 5 potions of curing
 l - 3 potions of flight
 m - 2 potions of magic
 p - 7 potions of heal wounds
 u - 5 potions of haste
 w - a potion of resistance
 B - a potion of cancellation
 D - 2 potions of agility
 F - 3 potions of lignification
 G - 2 potions of brilliance
Comestibles
 f - 16 rations
 K - 2 chunks of flesh


   Skills:
 - Level 2.0 Fighting
 + Level 13.1 Polearms
 - Level 1.7 Throwing
 - Level 9.0 Armour
 - Level 9.0 Dodging


You had 11 spell levels left.
You didn't know any spells.
Your spell library contained the following spells:

 Spells                   Type           Power        Failure   Level  Hunger
 Corona                   Hex            #......      36%         1    ##.....
 Ensorcelled Hibernation  Hex/Ice        #.....       52%         2    ###....
 Confuse                  Hex            #.......     75%         3    ####...
 Dazzling Spray           Conj/Hex       #.....       75%         3    ####...
 Tukima's Dance           Hex            #.......     75%         3    ####...


Dungeon Overview and Level Annotations

Branches:
Dungeon (11/15)            Temple (1/1) D:5            Lair (2/6) D:8
    Orc (0/2) D:10
  Swamp: Lair:2-4    Shoals: Lair:2-4     Snake: Lair:2-4    Spider: Lair:2-4

Altars:
Cheibriados
Fedhas
Hepliaklqana
Nemelex Xobeh
Okawaru
Yredelemnul
The Shining One

Portals:
Trove: D:10 (give +2 gold dragon scales)

Annotations:
D:10 4 exclusions


Innate Abilities, Weirdness & Mutations

You have razor-sharp toenails.
A weak demonic guardian rushes to your aid.
You are completely covered in sharp spines.
Your movements are slightly less encumbered by armour. (ER -2)


Message History

Your white imp dies!
Found 21 gold pieces.
Found a scroll of identify.
You see here 21 gold pieces.
The eight-headed hydra is struck by your spines.
The eight-headed hydra barely misses you.
The eight-headed hydra bites you.
The eight-headed hydra closely misses you.
The eight-headed hydra misses you.
The eight-headed hydra completely misses you.
The eight-headed hydra bites you. x2; The eight-headed hydra bites you!
You take 19 damage, and have 24/78 hp.
MASSIVE DAMAGE!!
The eight-headed hydra bites you!
* * * LOW HITPOINT WARNING * * *
The eight-headed hydra barely misses you.
The eight-headed hydra closely misses you.
The eight-headed hydra barely misses you.
The eight-headed hydra completely misses you. x2
The eight-headed hydra bites you!
You die...

.............. P..#
.................... #...#
#....?............. #....
................... ##
..... .....#............#
##.####....
....##............#
#.#.##.P... #.##
............######.........
..............#.........
#@................
#.D............<..
#......$..........
##.#.#............
##.##..##........
###P..#..#......
#.............
#............#
#.............


You could see an eight-headed hydra.

Vanquished Creatures
  An ogre mage (D:10)
  2 hydras (Lair:1)
  A two-headed ogre (D:7)
  A black mamba (Lair:1)
  A molten gargoyle (Lair:1)
  A centaur zombie (D:9)
  2 spiny frogs (Lair:1)
  A troll (D:10)
  3 hippogriffs
  9 yaks
  A human (D:9)
  A wyvern (D:8)
  A basilisk (Lair:1)
  3 hogs (D:9)
  A hungry ghost (D:11)
  A vampire mosquito (D:10)
  Duvessa (D:5)
  5 water moccasins
  4 porcupines
  3 ice beasts
  4 orc warriors
  5 sky beasts
  2 phantoms
  5 wolves
  4 centaurs
  7 ogres
  3 crocodiles
  A big kobold (D:11)
  13 bullfrogs
  2 wyvern zombies
  A wyvern skeleton (D:7)
  3 scorpions
  4 wights (D:10)
  5 killer bees (D:8)
  An electric eel (Lair:1)
  2 bullfrog zombies
  5 howler monkeys
  2 jellies
  2 crimson imps
  2 quasits
  7 orc priests
  Crazy Yiuf (D:3)
  2 hounds
  4 iguanas
  3 bullfrog skeletons
  Natasha (thrice) (D:2)
  10 orc wizards
  6 worker ants
  3 big kobold zombies (Ossuary)
  2 hound skeletons
  3 mummies
  A howler monkey zombie (D:8)
  4 gnolls (D:2)
  A howler monkey skeleton (D:6)
  10 adders
  A shadow imp (D:7)
  8 adder zombies
  An adder skeleton (D:4)
  3 worms
  4 dart slugs
  5 leopard geckos
  23 orcs
  A ball python (D:5)
  8 giant cockroaches
  2 gnoll zombies (Ossuary)
  8 goblins
  15 hobgoblins
  3 jackals (D:6)
  13 kobolds
  2 quokkas
  8 bats
  5 frilled lizards
  A goblin zombie (D:8)
  5 hobgoblin zombies (Ossuary)
  A jackal skeleton (D:4)
  5 kobold zombies
  10 orc zombies (Ossuary)
  A quokka zombie (D:7)
  11 rats
320 creatures vanquished.

Vanquished Creatures (collateral kills)
  A hydra (Lair:1)
  Psyche (D:8)
  A hippogriff (Lair:1)
  Eustachio (D:4)
  A sky beast (D:5)
  2 crimson imps (D:6)
  A bullfrog skeleton (D:7)
  An orc priest (D:4)
  An adder (D:7)
  3 orcs
13 creatures vanquished.

Vanquished Creatures (others)
  2 fungi (D:8)
2 creatures vanquished.

Grand Total: 335 creatures vanquished

Notes
Turn   | Place    | Note
-------+----------+-------------------------------------------
     0 | D:1      | Banto the Demonspawn Gladiator began the quest for the Orb.
     0 | D:1      | Reached XP level 1. HP: 16/16 MP: 1/1
    40 | D:1      | Reached skill level 3 in Polearms
    58 | D:1      | Gained mutation: You are partially covered in sharp spines.
                  | [demonic ancestry]
    58 | D:1      | Reached XP level 2. HP: 20/22 MP: 2/2
   424 | D:1      | Reached XP level 3. HP: 27/27 MP: 3/3
   726 | D:2      | Reached skill level 4 in Polearms
   893 | D:2      | Gained mutation: You are mostly covered in sharp spines.
                  | [demonic ancestry]
   893 | D:2      | Reached XP level 4. HP: 19/33 MP: 4/4
  1122 | D:2      | Noticed Natasha
  1127 | D:2      | Killed Natasha
  1127 | D:2      | Reached skill level 5 in Polearms
  1343 | D:2      | Noticed Natasha
  1349 | D:2      | Killed Natasha
  1349 | D:2      | Gained mutation: A weak demonic guardian rushes to your
                  | aid. [demonic ancestry]
  1349 | D:2      | Reached XP level 5. HP: 33/38 MP: 5/5
  1550 | D:2      | Noticed Natasha
  1554 | D:2      | Killed Natasha
  1747 | D:3      | Reached skill level 6 in Polearms
  1821 | D:3      | Found a runed door.
  2275 | D:3      | Found a glowing golden altar of the Shining One.
  2297 | D:3      | Gained mutation: You are completely covered in sharp
                  | spines. [demonic ancestry]
  2297 | D:3      | Reached XP level 6. HP: 44/44 MP: 6/6
  2440 | D:3      | Noticed Crazy Yiuf
  2447 | D:3      | Killed Crazy Yiuf
  2626 | D:4      | Reached skill level 7 in Polearms
  2659 | D:4      | Noticed Eustachio
  2816 | D:4      | Killed Eustachio
  2816 | D:4      | Reached XP level 7. HP: 39/50 MP: 7/7
  3121 | D:4      | Found an iron altar of Okawaru.
  3337 | D:4      | Became a worshipper of Warmaster Okawaru
  3374 | D:5      | Entered Level 5 of the Dungeon
  3418 | D:5      | Reached skill level 8 in Polearms
  3576 | D:5      | Found a staircase to the Ecumenical Temple.
  3752 | D:5      | Noticed Duvessa
  3752 | D:5      | Noticed Dowan
  3762 | D:5      | Killed Duvessa
  3762 | D:5      | Reached skill level 9 in Polearms
  3762 | D:5      | Gained mutation: You have sharp toenails. [demonic
                  | ancestry]
  3762 | D:5      | Reached XP level 8. HP: 33/56 MP: 8/8
  3770 | D:5      | Noticed Dowan
  3770 | D:5      | Dowan changed into Dowan the hobgoblin
  3771 | D:5      | Killed Dowan the hobgoblin
  4496 | D:4      | Upgraded the game from 0.23-a0-175-g97aacdb306 to
                  | 0.23-a0-180-ga5275e7ff7
  4524 | Temple   | Entered the Ecumenical Temple
  4589 | D:6      | Found a snail-covered altar of Cheibriados.
  4601 | D:6      | Reached * piety under Okawaru
  4994 | D:6      | Reached skill level 10 in Polearms
  5032 | D:6      | Reached skill level 1 in Armour
  5078 | D:6      | Reached ** piety under Okawaru
  5179 | D:6      | Gained mutation: You have razor-sharp toenails. [demonic
                  | ancestry]
  5179 | D:6      | Reached XP level 9. HP: 60/61 MP: 9/9
  5627 | D:7      | Reached skill level 5 in Dodging
  5731 | D:7      | Noticed a two-headed ogre
  6011 | D:7      | Killed a two-headed ogre
  6011 | D:7      | Reached *** piety under Okawaru
  6011 | D:7      | Reached skill level 5 in Armour
  6360 | D:7      | Reached **** piety under Okawaru
  6774 | D:8      | Reached XP level 10. HP: 64/67 MP: 10/10
  6996 | D:8      | Noticed Psyche
  7003 | D:8      | Killed Psyche
  7014 | D:8      | Found a staircase to the Lair.
  7154 | D:8      | Found a sand-covered staircase.
  7163 | Ossuary  | Entered an ossuary
  8157 | D:9      | Reached ***** piety under Okawaru
  8613 | D:10     | Entered Level 10 of the Dungeon
  8951 | D:10     | Got a jewelled leather armour
  8968 | D:10     | Identified the +5 leather armour of the Garden {+Inv} (You
                  | found it on level 10 of the Dungeon)
  8999 | D:10     | Found a portal to a secret trove of treasure.
  9018 | D:10     | Found a staircase to the Orcish Mines.
  9103 | D:10     | Gained mutation: Your movements are slightly less
                  | encumbered by armour. (ER -2) [demonic ancestry]
  9103 | D:10     | Reached XP level 11. HP: 67/72 MP: 11/11
  9365 | D:10     | Noticed an ogre mage
  9383 | D:10     | HP: 3/72 [ogre mage/bolt of lightning (38)]
  9384 | D:10     | Killed an ogre mage
  9652 | D:10     | Noticed a white ugly thing
 10067 | D:11     | Reached skill level 11 in Polearms
 10089 | D:11     | Received a gift from Okawaru
 10583 | Lair:1   | Entered Level 1 of the Lair of Beasts
 10615 | Lair:1   | Noticed a seven-headed hydra
 10624 | Lair:1   | Killed a seven-headed hydra
 10730 | Lair:1   | Noticed a five-headed hydra
 10758 | Lair:1   | Reached skill level 12 in Polearms
 10765 | Lair:1   | Killed a five-headed hydra
 11087 | Lair:1   | Noticed a seven-headed hydra
 11178 | Lair:1   | Killed a seven-headed hydra
 11520 | Lair:2   | Reached skill level 13 in Polearms
 11535 | Lair:1   | Reached XP level 12. HP: 10/78 MP: 12/12
 11662 | Lair:2   | Noticed an eight-headed hydra
 11679 | Lair:2   | Slain by an eight-headed hydra

Vault maps used:
D:1:      lightli_arrival_statuegarden, minmay_close_crescents
D:2:      first_ration, minmay_pentomino_s4, uniq_natasha
D:3:      nicolae_tso_carved_into_rock, uniq_crazy_yiuf_cottage
D:4:      kennysheep_okawaru_gauntlet, uniq_eustachio
D:5:      minmay_temple_entry_glassed_door, uniq_duvessa
D:6:      lemuel_crystal_altar, glass_columns_c, nicolae_lava_and_water,
          minivault_26
D:8:      grunt_lair_entry_orc_guard_hut, nicolae_ossuary_entry_giza,
          uniq_psyche
D:9:      grunt_livestock
D:10:     orc_0_dummy, enter_trove_0, minmay_holes, minmay_the_grid_2x2
Temple:   nicolae_temple_the_god_donut
Lair:1:   grunt_megastairs_2
Lair:2:   gammafunk_ghost_ooze, special_room, lightli_volcano_entry_magma_tube,
          uniq_fannar
Ossuary:  ossuary_tomb_2

Skill      XL: |  1  2  3  4  5  6  7  8  9 10 11 |
---------------+----------------------------------+-----
Polearms       | 3 4 5 6 7 9 10 13 | 13.1
Armour         | 3 6 8 9 |  9.0
Dodging        | 4 7 9 |  9.0
Fighting       | |  2.0
Throwing       | |  1.7

Action                   |  1- 3 |  4- 6 |  7- 9 | 10-12 || total
-------------------------+-------+-------+-------+-------++-------
Melee: Dagger            |    68 |   103 |   213 |    46 ||   430
       Trident           |     1 |       |     6 |   480 ||   487
       Kick              |       |       |    56 |   170 ||   226
Throw: Throwing net      |       |       |       |     1 ||     1
Evoke: Wand              |       |       |     4 |     5 ||     9
  Use: Scroll            |       |       |    11 |    15 ||    26
       Potion            |       |       |       |     2 ||     2
 Stab: Distracted        |       |     2 |     1 |     4 ||     7
       Sleeping          |       |       |     2 |     3 ||     5
       Held in net/web   |       |       |       |     1 ||     1
  Eat: Chunk             |       |     6 |    13 |    18 ||    37
Armor: Ring mail         |    18 |    24 |    17 |       ||    59
       Leather armour    |     1 |       |    45 |    89 ||   135
Dodge: Dodged            |    38 |    38 |   149 |   242 ||   467

Table legend:
 A = Non-vault XP
 B = Vault XP
 C = Vault XP percentage of total XP
 D = Non-vault monster count
 E = Vault monster count
 F = Vault count percentage of total count
                 A         B        C        D         E       F
            +---------+---------+-------+---------+---------+-------
      Total |   16917 |    5179 |  23.4 |     263 |      70 |  21.0
            +---------+---------+-------+---------+---------+-------
        D:1 |      35 |       9 |  20.5 |      20 |       4 |  16.7
        D:2 |     184 |      43 |  18.9 |      23 |       4 |  14.8
        D:3 |     185 |      40 |  17.8 |      27 |       1 |   3.6
        D:4 |     304 |     175 |  36.5 |      12 |       3 |  20.0
        D:5 |     372 |     155 |  29.4 |      12 |       2 |  14.3
        D:6 |    1747 |       0 |   0.0 |      36 |       0 |   0.0
        D:7 |    2257 |       0 |   0.0 |      30 |       0 |   0.0
        D:8 |    1290 |    1020 |  44.2 |      18 |      10 |  35.7
        D:9 |    1467 |    1139 |  43.7 |      19 |       6 |  24.0
       D:10 |    1734 |    1404 |  44.7 |      20 |       5 |  20.0
       D:11 |    1191 |       0 |   0.0 |      21 |       0 |   0.0
     Lair:1 |    5679 |    1019 |  15.2 |      21 |       2 |   8.7
     Lair:2 |     472 |       0 |   0.0 |       4 |       0 |   0.0
    Ossuary |       0 |     175 | 100.0 |       0 |      33 | 100.0
            +---------+---------+-------+---------+---------+-------

Table legend:
 A = Turns spent in this place as a percentage of turns spent in the entire game.
 B = Non-inter-level travel turns spent in this place as a percentage of non-inter-level travel turns spent in the entire game.
 C = Inter-level travel turns spent in this place as a percentage of turns spent in this place.
 D = Turns resting spent in this place as a percentage of non-inter-level travel turns spent in this place.
 E = Turns spent auto-exploring this place as a percentage of non-inter-level travel turns spent in this place.
 F = Non-inter-level travel turns spent in this place divided by the number of levels of this place that you've seen.
                   A       B       C       D       E      F
               +-------+-------+-------+-------+-------+----------------------
         Total | 100.0 | 100.0 |   6.5 |  22.9 |  50.6 | 727.7
       Dungeon |  88.3 |  87.6 |   7.3 |  23.0 |  52.6 | 869.7
        Temple |   0.1 |   0.0 |  28.6 |   0.0 |   0.0 |   5.0
          Lair |   9.4 |   9.9 |   0.9 |  19.4 |  45.7 | 543.0
       Ossuary |   2.2 |   2.4 |   0.0 |  32.2 |   0.0 | 258.0
               +-------+-------+-------+-------+-------+----------------------

Table legend:
 A = Kills in this place as a percentage of kills in entire the game.
 B = Kills by you in this place as a percentage of kills by you in the entire game.
 C = Kills by friends in this place as a percentage of kills by friends in the entire game.
 D = Other kills in this place as a percentage of other kills in the entire game.
 E = Experience gained in this place as a percentage of experience gained in the entire game.
 F = Experience gained in this place divided by the number of levels of this place that you have seen.
                   A       B       C       D       E      F
               +-------+-------+-------+-------+-------+----------------------
         Total | 100.0 | 100.0 | 100.0 |   N/A | 100.0 | 1473.1
       Dungeon |  82.0 |  81.9 |  84.6 |   N/A |  66.8 | 1341.0
          Lair |   8.1 |   7.8 |  15.4 |   N/A |  32.4 | 3585.0
       Ossuary |   9.9 |  10.3 |   0.0 |   N/A |   0.8 | 175.0
               +-------+-------+-------+-------+-------+----------------------
